[Event "42nd Olympiad Baku 2016 Women"]
[Site "Baku"]
[Date "2016.09.06"]
[Round "5.11"]
[White "Klinova, Masha"]
[Black "Bulmaga, Irina"]
[Result "0-1"]
[ECO "C50"]
[WhiteElo "2290"]
[BlackElo "2395"]
[Annotator ""]
[PlyCount "98"]
[EventDate "2016.??.??"]
[EventType "team-tourn"]
[EventCountry "AZE"]
[SourceTitle "playchess.com"]
[Source "ChessBase"]
[WhiteTeam "Israel"]
[BlackTeam "Romania"]
[WhiteTeamCountry "ISR"]
[BlackTeamCountry "ROU"]
[TimeControl "40/5400+30:1800+30"]

1. e4 {(00:00)} e5 {(00:00)} 2. Nf3 {(00:00)} Nc6 {
(00:00)} 3. Bc4 {(00:37)} Bc5 {(00:00)} 4. d3 {(01:
14)} Nf6 {(00:02)} 5. O-O {(00:35)} d6 {(00:20)} 6. c3 {
(01:43)} a6 {(00:34)} 7. Bb3 {(01:34)} Ba7 {(00:13]
} 8. Nbd2 {(00:07)} h6 {(00:08)} 9. Re1 {(03:36)} g5 {
(00:39)} 10. Nf1 {(17:36)} g4 {(00:27)} 11. N3d2 {(
02:58)} h5 {(01:09)} 12. Nc4 {(09:16)} h4 {(06:39)} 13.
Be3 {(13:13)} h3 {(05:04)} 14. g3 {(03:30)} d5 {(
08:25)} 15. Na3 {(08:45)} d4 {(02:26)} 16. Bg5 {(02:49)}
Rh5 {(04:40)} 17. Qd2 {(02:14)} Nxe4 {(09:49)} 18. Bxd8 {
(07:36)} Nxd2 {(00:08)} 19. Nxd2 {(00:04)} Kxd8 {(
04:19)} 20. Nc2 {(06:00)} Rf5 {(05:24)} 21. Re2 {(01:51)}
Bd7 {(11:06)} 22. Bd5 {(00:36)} Ke7 {(15:57)} 23. Rae1 {
(04:30)} Kf8 {(03:34)} 24. c4 {(04:12)} Re8 {(01:
18)} 25. b4 {(00:43)} Nd8 {(01:01)} 26. f3 {(01:10)} gxf3
{(00:51)} 27. Bxf3 {(02:19)} Rf6 {(02:09)} 28. Rf2 {
(02:08)} Kg7 {(02:37)} 29. Ne4 {(01:27)} Rh6 {(00:
20)} 30. g4 {(00:27)} Rg6 {(00:46)} 31. Kf1 {(01:10)} Ne6
{(01:39)} 32. Ng3 {(00:37)} Nf4 {(00:51)} 33. Nh5+ {
(01:11)} Nxh5 {(01:09)} 34. gxh5 {(00:03)} Rf6 {(
01:42)} 35. Bxb7 {(00:18)} Rxf2+ {(00:08)} 36. Kxf2 {(00:
02)} c5 {(06:15)} 37. Bxa6 {(00:46)} Ba4 {(00:45)} 38. Bb5
{(00:21)} Bxb5 {(00:15)} 39. cxb5 {(00:03)} f5 {(
04:42)} 40. Kf3 {(00:00)} c4 {(00:00)} 41. dxc4 {(04:48)}
e4+ {(07:16)} 42. Kf2 {(09:22)} d3+ {(01:55)} 43. Ne3 {
(00:13)} Bd4 {(05:08)} 44. Kf1 {(00:37)} Bxe3 {(01:
16)} 45. Rxe3 {(00:14)} f4 {(00:10)} 46. Rxh3 {(00:31)} d2
{(00:31)} 47. Ke2 {(00:07)} Rd8 {(00:06)} 48. h6+ {
(00:37)} Kh7 {(00:08)} 49. Kd1 {(00:06)} e3 {(00:
06)} 0-1

[Event "42nd Olympiad Baku 2016 Women"]
[Site "Baku"]
[Date "2016.09.06"]
[Round "5.5"]
[White "Kosteniuk, Alexandra"]
[Black "Abdumalik, Zhansaya"]
[Result "1-0"]
[ECO "A33"]
[WhiteElo "2538"]
[BlackElo "2389"]
[Annotator ""]
[PlyCount "59"]
[EventDate "2016.??.??"]
[EventType "team-tourn"]
[EventCountry "AZE"]
[SourceTitle "playchess.com"]
[Source "ChessBase"]
[WhiteTeam "Russia"]
[BlackTeam "Kazakhstan"]
[WhiteTeamCountry "RUS"]
[BlackTeamCountry "KAZ"]
[TimeControl "40/5400+30:1800+30"]

1. Nf3 {(00:00)} Nf6 {(00:04)} 2. c4 {(00:02)} c5 {
(01:04)} 3. Nc3 {(00:21)} Nc6 {(03:15)} 4. d4 {(00:
29)} cxd4 {(03:59)} 5. Nxd4 {(00:06)} e6 {(01:54)} 6. g3 {
(00:28)} Qb6 {(04:36)} 7. Ndb5 {(00:25)} Ne5 {(02:
11)} 8. Bg2 {(00:36)} Nxc4 {(05:06)} 9. b3 {(00:28)} a6 {
(05:22)} 10. bxc4 {(01:24)} axb5 {(03:06)} 11. Nxb5 {
(00:26)} Bb4+ {(04:53)} 12. Bd2 {(01:53)} Bc5 {(10:
09)} 13. O-O {(04:06)} d5 {(04:10)} 14. Rb1 {(09:16)} O-O
{(05:01)} 15. Qc2 {(15:23)} Qc6 {(05:05)} 16. Bf4 {
(09:18)} b6 {(04:46)} 17. e3 {(01:41)} Ra5 {(03:51]
} 18. Be5 {(06:16)} Be7 {(04:13)} 19. Nd4 {(03:31)} Qa8 {
(01:14)} 20. cxd5 {(01:11)} Bb7 {(06:26)} 21. e4 {(
16:35)} Ng4 {(04:14)} 22. Bf4 {(02:38)} Bf6 {(02:17)} 23.
Nb5 {(05:11)} exd5 {(01:25)} 24. Qd1 {(00:48)} Ne5 {
(01:15)} 25. exd5 {(03:25)} Rxa2 {(01:52)} 26. Re1 {
(00:38)} Nc4 {(01:58)} 27. Qd3 {(01:57)} Na3 {(01:
29)} 28. Nxa3 {(08:29)} Rxa3 {(00:06)} 29. Qf5 {(00:04)}
Ra5 {(04:08)} 30. Be4 {(00:28)} 1-0

[Event "42nd Olympiad Baku 2016 Women"]
[Site "Baku"]
[Date "2016.09.06"]
[Round "5.24"]
[White "Kremer, Nadine"]
[Black "Narva, Regina"]
[Result "0-1"]
[ECO "B52"]
[WhiteElo "1844"]
[BlackElo "2009"]
[Annotator ""]
[PlyCount "111"]
[EventDate "2016.??.??"]
[EventType "team-tourn"]
[EventCountry "AZE"]
[SourceTitle "playchess.com"]
[Source "ChessBase"]
[WhiteTeam "Luxembourg"]
[BlackTeam "Estonia"]
[WhiteTeamCountry "LUX"]
[BlackTeamCountry "EST"]
[TimeControl "40/5400+30:1800+30"]

1. e4 {(00:00)} c5 {(00:00)} 2. Nf3 {(00:00)} d6 {(
00:14)} 3. Bb5+ {(00:07)} Bd7 {(00:33)} 4. Bxd7+ {(00:12)}
Qxd7 {(00:05)} 5. c4 {(00:35)} Nc6 {(03:11)} 6. d4 {
(02:29)} cxd4 {(00:59)} 7. Nxd4 {(00:10)} g6 {(00:
22)} 8. b3 {(10:02)} Bg7 {(02:59)} 9. Bb2 {(00:07)} Nf6 {
(01:12)} 10. Nc3 {(03:27)} O-O {(04:40)} 11. O-O {(
02:10)} Nh5 {(34:19)} 12. Nxc6 {(04:19)} bxc6 {(00:51)}
13. Re1 {(07:11)} Rad8 {(02:17)} 14. Qd2 {(03:58)} Qg4 {
(02:46)} 15. f3 {(05:02)} Qf4 {(04:27)} 16. Rad1 {(
07:23)} Be5 {(04:51)} 17. Qxf4 {(03:26)} Nxf4 {(00:30)}
18. Na4 {(02:26)} Bxb2 {(01:46)} 19. Nxb2 {(00:03)} Ne6 {
(00:41)} 20. Rd2 {(05:09)} f6 {(02:32)} 21. Kf2 {(
04:23)} c5 {(02:45)} 22. Nd3 {(10:13)} Rb8 {(01:26)} 23.
h4 {(04:09)} Rb6 {(02:41)} 24. f4 {(01:42)} Nd4 {(
01:11)} 25. Kg3 {(08:28)} e5 {(05:27)} 26. Rf1 {(05:08)}
Rbb8 {(02:21)} 27. Ne1 {(03:11)} Rbe8 {(01:11)} 28. Nc2 {
(01:55)} Kg7 {(02:25)} 29. Re1 {(03:55)} Rf7 {(01:
29)} 30. Ne3 {(01:06)} exf4+ {(07:44)} 31. Kxf4 {(00:02)}
g5+ {(00:18)} 32. hxg5 {(02:10)} fxg5+ {(00:05)} 33. Kxg5
{(00:59)} Re5+ {(03:15)} 34. Kg4 {(00:48)} Rxe4+ {(
00:24)} 35. Kh3 {(00:17)} Rfe7 {(01:33)} 36. Rxd4 {(00:43]
} cxd4 {(00:54)} 37. Nf5+ {(00:12)} Kf8 {(00:59)} 38. Rxe4
{(00:38)} Rxe4 {(00:11)} 39. Nxd6 {(00:03)} Re3+ {(
01:11)} 40. Kg4 {(00:00)} d3 {(00:00)} 41. Kf4 {(04:26)}
d2 {(02:34)} 42. Kxe3 {(00:08)} d1=Q {(00:08)} 43. Ne4 {
(00:22)} Qc1+ {(01:28)} 44. Kd4 {(00:14)} Qb2+ {(
00:14)} 45. Kd5 {(00:24)} Qxa2 {(02:22)} 46. b4 {(00:18)}
Qxg2 {(01:31)} 47. b5 {(00:55)} Ke7 {(01:11)} 48. c5 {
(02:47)} Qa2+ {(00:56)} 49. Kc6 {(00:35)} Qg2 {(03:
56)} 50. Kd5 {(00:32)} Qg8+ {(03:07)} 51. Kd4 {(02:03)}
Qd8+ {(00:59)} 52. Kc4 {(01:37)} h5 {(00:47)} 53. Nc3 {
(01:51)} h4 {(01:54)} 54. b6 {(00:14)} axb6 {(00:
57)} 55. cxb6 {(00:02)} Qc8+ {(01:34)} 56. Kd4 0-1

[Event "42nd Olympiad Baku 2016 Women"]
[Site "Baku"]
[Date "2016.09.06"]
[Round "5.2"]
[White "Krivec, Jana"]
[Black "Pavlidou, Ekaterini"]
[Result "1/2-1/2"]
[ECO "B24"]
[WhiteElo "2259"]
[BlackElo "2140"]
[Annotator ""]
[PlyCount "64"]
[EventDate "2016.??.??"]
[EventType "team-tourn"]
[EventCountry "AZE"]
[SourceTitle "playchess.com"]
[Source "ChessBase"]
[WhiteTeam "Slovenia"]
[BlackTeam "Greece"]
[WhiteTeamCountry "SLO"]
[BlackTeamCountry "GRE"]
[TimeControl "40/5400+30:1800+30"]

1. e4 {(00:00)} c5 {(00:00)} 2. Nc3 {(00:00)} Nc6 {
(00:35)} 3. Bb5 {(00:00)} Nd4 {(01:00)} 4. Nf3 {(
00:00)} Nxb5 {(05:38)} 5. Nxb5 {(00:00)} a6 {(01:06)} 6.
Nc3 {(01:04)} d6 {(03:41)} 7. d4 {(00:37)} cxd4 {(
00:24)} 8. Qxd4 {(00:03)} e5 {(03:20)} 9. Qd3 {(00:56)} h6
{(00:46)} 10. Nd2 {(08:58)} Nf6 {(04:26)} 11. Nc4 {
(03:01)} Be7 {(02:49)} 12. Be3 {(17:58)} b5 {(03:
07)} 13. Nb6 {(00:05)} Rb8 {(01:03)} 14. Ncd5 {(15:25)}
Nxd5 {(02:49)} 15. Nxd5 {(00:05)} Be6 {(01:32)} 16. Nxe7 {
(17:36)} Kxe7 {(12:29)} 17. b3 {(01:48)} Qc7 {(01:
50)} 18. O-O {(01:27)} Rhd8 {(04:09)} 19. a4 {(03:36)} Qc6
{(08:23)} 20. axb5 {(02:30)} axb5 {(01:46)} 21. f4 {
(12:37)} f6 {(16:40)} 22. Ra7+ {(00:21)} Rb7 {(01:
01)} 23. Rxb7+ {(03:03)} Qxb7 {(00:05)} 24. Ra1 {(02:10)}
Qc6 {(02:39)} 25. Ra7+ {(00:47)} Rd7 {(00:32)} 26. Rxd7+ {
(00:39)} Bxd7 {(01:24)} 27. fxe5 {(00:45)} dxe5 {(
03:16)} 28. b4 {(00:40)} Bc8 {(01:14)} 29. Bc5+ {(00:12)}
Kf7 {(00:36)} 30. Kf2 {(03:27)} Qd7 {(01:35)} 31. Ke3 {
(01:31)} Qxd3+ {(01:31)} 32. cxd3 {(00:04)} Be6 {(
00:16)} 1/2-1/2

[Event "42nd Olympiad Baku 2016 Women"]
[Site "Baku"]
[Date "2016.09.06"]
[Round "5.15"]
[White "Kruk, Karina"]
[Black "Thapa, Shanta"]
[Result "1-0"]
[ECO "E91"]
[WhiteElo "1766"]
[BlackElo "1693"]
[Annotator ""]
[PlyCount "97"]
[EventDate "2016.??.??"]
[EventType "team-tourn"]
[EventCountry "AZE"]
[SourceTitle "playchess.com"]
[Source "ChessBase"]
[WhiteTeam "Ireland"]
[BlackTeam "Nepal"]
[WhiteTeamCountry "IRL"]
[BlackTeamCountry "NEP"]
[TimeControl "40/5400+30:1800+30"]

1. d4 {(00:00)} Nf6 {(00:00)} 2. c4 {(00:00)} g6 {(
00:03)} 3. Nc3 {(00:00)} d6 {(00:40)} 4. e4 {(00:52)} Bg7
{(02:06)} 5. Be2 {(02:10)} O-O {(02:08)} 6. Nf3 {(
01:19)} b6 {(06:40)} 7. O-O {(00:31)} Bb7 {(00:53)} 8. d5
{(01:14)} e6 {(01:27)} 9. Bg5 {(01:41)} Nbd7 {(03:
58)} 10. Nd4 {(03:13)} exd5 {(02:39)} 11. exd5 {(04:48)}
Re8 {(01:44)} 12. f4 {(01:26)} Qe7 {(04:14)} 13. Rf3 {
(11:39)} h6 {(04:00)} 14. Bh4 {(01:08)} Nc5 {(03:
32)} 15. Bd3 {(16:51)} Bc8 {(04:23)} 16. Nc6 {(05:25)} Qf8
{(03:15)} 17. h3 {(02:42)} a6 {(03:44)} 18. g4 {(
05:41)} Nxg4 {(02:57)} 19. Qd2 {(07:22)} Nf6 {(03:38)} 20.
Re1 {(00:28)} Bd7 {(04:40)} 21. b4 {(07:22)} Nxd3 {
(03:58)} 22. Qxd3 {(00:53)} Rxe1+ {(02:32)} 23. Bxe1 {
(00:02)} Bxc6 {(02:01)} 24. dxc6 {(02:12)} Qe8 {(
00:48)} 25. Bh4 {(00:24)} Qxc6 {(03:24)} 26. Bxf6 {(00:07]
} Bxf6 {(00:26)} 27. Nd5 {(00:02)} Bh4 {(01:02)} 28. f5 {
(00:48)} Qa4 {(12:29)} 29. fxg6 {(00:57)} Rf8 {(02:
02)} 30. gxf7+ {(05:05)} Rxf7 {(01:18)} 31. Rxf7 {(00:08)}
Kxf7 {(00:21)} 32. Qh7+ {(00:16)} Ke8 {(03:28)} 33. Qe4+ {
(01:24)} Kf8 {(00:44)} 34. Qxh4 {(00:47)} Qd1+ {(
00:39)} 35. Kg2 {(00:17)} Qc2+ {(00:41)} 36. Qf2+ {(00:07]
} Qxf2+ {(00:37)} 37. Kxf2 {(00:08)} c6 {(00:19)} 38. Nxb6
{(00:14)} Ke7 {(00:41)} 39. Ke3 {(00:11)} Kd8 {(00:
40)} 40. Kd4 {(00:00)} Ke7 {(00:00)} 41. Ke4 {(04:30)} Ke6
{(01:51)} 42. a4 {(01:43)} c5 {(03:16)} 43. b5 {(
02:17)} axb5 {(01:12)} 44. axb5 {(00:35)} Ke7 {(00:53)}
45. Kd5 {(00:39)} h5 {(00:42)} 46. Nc8+ {(00:13)} Kd7 {
(00:19)} 47. Nxd6 {(00:08)} h4 {(00:20)} 48. Nf5 {(
00:09)} Kc7 {(00:22)} 49. Nxh4 {(00:13)} 1-0

[Event "42nd Olympiad Baku 2016 Women"]
[Site "Baku"]
[Date "2016.09.06"]
[Round "5.1"]
[White "Krush, Irina"]
[Black "Daulyte, Deimante"]
[Result "0-1"]
[ECO "A05"]
[WhiteElo "2444"]
[BlackElo "2421"]
[Annotator ""]
[PlyCount "52"]
[EventDate "2016.??.??"]
[EventType "team-tourn"]
[EventCountry "AZE"]
[SourceTitle "playchess.com"]
[Source "ChessBase"]
[WhiteTeam "United States"]
[BlackTeam "Lithuania"]
[WhiteTeamCountry "USA"]
[BlackTeamCountry "LTU"]
[TimeControl "40/5400+30:1800+30"]

1. Nf3 {(00:00)} Nf6 {(00:00)} 2. g3 {(00:00)} g6 {
(00:08)} 3. b3 {(00:05)} Bg7 {(00:21)} 4. Bb2 {(00:
08)} d6 {(00:28)} 5. c4 {(00:25)} e5 {(01:23)} 6. d3 {
(00:17)} O-O {(00:33)} 7. Bg2 {(00:07)} Nc6 {(02:
14)} 8. O-O {(01:21)} Bf5 {(03:44)} 9. Nc3 {(05:53)} Qd7 {
(00:48)} 10. Re1 {(01:06)} Rae8 {(03:37)} 11. Nd2 {
(09:11)} Bh3 {(05:29)} 12. Nde4 {(03:10)} Bxg2 {(
02:02)} 13. Nxf6+ {(00:21)} Bxf6 {(00:07)} 14. Kxg2 {(00:
07)} Bg7 {(00:53)} 15. Nd5 {(13:32)} f5 {(02:29)} 16. e4 {
(01:36)} Nd8 {(06:19)} 17. Qd2 {(12:48)} c6 {(06:
52)} 18. Nc3 {(00:08)} f4 {(01:36)} 19. f3 {(22:25)} fxg3
{(08:26)} 20. hxg3 {(00:07)} Rxf3 {(03:10)} 21. Kxf3 {
(01:31)} Qh3 {(00:19)} 22. Ke2 {(00:46)} Bh6 {(01:
55)} 23. Qc2 {(00:08)} Ne6 {(19:29)} 24. Kd1 {(01:38)} Nd4
{(00:50)} 25. Qf2 {(00:12)} Rf8 {(01:29)} 26. Qg1 {
(00:55)} Rf3 {(00:30)} 0-1

[Event "42nd Olympiad Baku 2016 Women"]
[Site "Baku"]
[Date "2016.09.06"]
[Round "5.22"]
[White "Kukula, Esi"]
[Black "Nkhoma Desiderata"]
[Result "0-1"]
[ECO "C50"]
[WhiteElo "1264"]
[BlackElo "1375"]
[Annotator ""]
[PlyCount "80"]
[EventDate "2016.??.??"]
[EventType "team-tourn"]
[EventCountry "AZE"]
[SourceTitle "playchess.com"]
[Source "ChessBase"]
[WhiteTeam "Ghana"]
[BlackTeam "MAW"]
[WhiteTeamCountry "GHA"]
[TimeControl "40/5400+30:1800+30"]

1. e4 {(00:00)} e5 {(00:00)} 2. Nf3 {(00:22)} Nc6 {
(00:05)} 3. Nc3 {(01:33)} Bc5 {(01:10)} 4. Bc4 {(
00:54)} Nf6 {(00:27)} 5. d3 {(00:26)} O-O {(00:26)} 6. h3
{(00:31)} h6 {(03:13)} 7. a3 {(00:09)} a6 {(02:24)}
8. Be3 {(00:49)} Bxe3 {(04:38)} 9. fxe3 {(00:10)} d6 {
(01:11)} 10. Qd2 {(00:39)} Ne7 {(02:22)} 11. O-O-O {
(00:45)} b5 {(00:46)} 12. Bb3 {(00:30)} Bd7 {(01:
52)} 13. Nd5 {(06:55)} Nexd5 {(03:39)} 14. exd5 {(00:12)}
a5 {(02:05)} 15. e4 {(02:39)} Qb8 {(04:41)} 16. g4 {
(10:41)} Nh7 {(06:25)} 17. g5 {(01:09)} h5 {(00:25]
} 18. h4 {(18:36)} g6 {(01:23)} 19. Rhe1 {(03:47)} Qb6 {
(01:49)} 20. Rf1 {(08:05)} a4 {(02:21)} 21. Ba2 {(
00:35)} Qa5 {(00:19)} 22. c3 {(00:48)} Bg4 {(04:22)} 23.
b4 {(01:09)} axb3 {(00:42)} 24. Bxb3 {(00:49)} Qxa3+ {
(09:27)} 25. Kc2 {(00:42)} Qc5 {(01:49)} 26. d4 {(
01:08)} exd4 {(01:40)} 27. Rde1 {(13:05)} Bh3 {(07:16)}
28. Rh1 {(02:50)} Bg2 {(01:46)} 29. Qxd4 {(04:10)} Bxh1 {
(01:46)} 30. Qxc5 {(00:17)} dxc5 {(00:56)} 31. Rxh1 {
(00:09)} Rfe8 {(02:50)} 32. Re1 {(03:36)} c4 {(00:
21)} 33. Nd4 {(09:41)} cxb3+ {(02:39)} 34. Kxb3 {(00:09)}
Nf8 {(04:24)} 35. Nxb5 {(00:26)} Rab8 {(00:47)} 36. Kb4 {
(01:04)} Nd7 {(00:37)} 37. c4 {(01:03)} Ne5 {(00:
12)} 38. c5 {(00:32)} Nd3+ {(00:29)} 39. Kc4 {(00:49)}
Nxe1 {(00:43)} 40. Nxc7 {(00:00)} Rxe4+ {(00:00] Kd4} 0-1

[Event "42nd Olympiad Baku 2016 Women"]
[Site "Baku"]
[Date "2016.09.06"]
[Round "5.16"]
[White "Lakinska, Simona"]
[Black "Kaslan, Alexandra"]
[Result "1-0"]
[ECO "B50"]
[WhiteElo "1695"]
[BlackElo "1474"]
[Annotator ""]
[PlyCount "67"]
[EventDate "2016.??.??"]
[EventType "team-tourn"]
[EventCountry "AZE"]
[SourceTitle "playchess.com"]
[Source "ChessBase"]
[WhiteTeam "Macedonia"]
[BlackTeam "Surinam"]
[WhiteTeamCountry "MKD"]
[BlackTeamCountry "SUR"]
[TimeControl "40/5400+30:1800+30"]

1. e4 {(00:00)} c5 {(00:00)} 2. Nf3 {(00:00)} d6 {(
00:02)} 3. c3 {(00:00)} e5 {(00:55)} 4. h3 {(01:27)} Nc6 {
(00:19)} 5. Bd3 {(05:35)} Nf6 {(01:45)} 6. Bc2 {(
01:16)} Be7 {(00:29)} 7. O-O {(00:10)} O-O {(04:17)} 8.
Re1 {(06:55)} Qc7 {(04:43)} 9. d3 {(20:21)} Rd8 {(
08:57)} 10. Nbd2 {(02:13)} d5 {(11:37)} 11. Qe2 {(17:01)}
d4 {(04:03)} 12. c4 {(02:30)} Bd6 {(13:29)} 13. Nf1 {
(02:27)} h6 {(01:24)} 14. Ng3 {(01:27)} Ne7 {(01:
23)} 15. Nh4 {(04:06)} Be6 {(02:40)} 16. Qf3 {(01:47)} Qd7
{(01:53)} 17. Bxh6 {(06:56)} Kh7 {(17:28)} 18. Bg5 {
(02:55)} Ng6 {(12:56)} 19. Bxf6 {(04:59)} gxf6 {(
01:13)} 20. Qh5+ {(02:05)} Kg7 {(02:33)} 21. Ngf5+ {(02:
22)} Bxf5 {(02:17)} 22. Nxf5+ {(00:14)} Kg8 {(00:32)} 23.
Qg4 {(02:59)} Kh7 {(00:51)} 24. h4 {(00:32)} Rh8 {(
02:53)} 25. Bd1 {(05:06)} Bf8 {(02:55)} 26. Qh5+ {(02:03)}
Kg8 {(00:25)} 27. Qg4 {(00:06)} Kh7 {(00:19)} 28. g3 {
(00:26)} Rd8 {(00:52)} 29. Kg2 {(00:48)} Qe6 {(00:
39)} 30. Rh1 {(04:40)} Re8 {(00:33)} 31. Kf1 {(00:20)} Bg7
{(00:36)} 32. h5 {(00:22)} Kg8 {(00:19)} 33. Kg1 {(
00:42)} Rh7 {(00:36)} 34. hxg6 {(00:17)} 1-0

[Event "42nd Olympiad Baku 2016 Women"]
[Site "Baku"]
[Date "2016.09.06"]
[Round "5.30"]
[White "Laubscher, Anzel"]
[Black "Alarcon, Pamela"]
[Result "1-0"]
[ECO "D30"]
[WhiteElo "1814"]
[BlackElo "1834"]
[Annotator ""]
[PlyCount "67"]
[EventDate "2016.??.??"]
[EventType "team-tourn"]
[EventCountry "AZE"]
[SourceTitle "playchess.com"]
[Source "ChessBase"]
[WhiteTeam "South Africa"]
[BlackTeam "Nicaragua"]
[WhiteTeamCountry "RSA"]
[BlackTeamCountry "NCA"]
[TimeControl "40/5400+30:1800+30"]

1. d4 {(00:00)} d5 {(00:00)} 2. c4 {(00:00)} e6 {(
00:00)} 3. Nf3 {(00:29)} Nf6 {(00:02)} 4. e3 {(01:01)}
Nbd7 {(03:00)} 5. Bd3 {(00:30)} c5 {(03:01)} 6. Nc3 {
(03:06)} Be7 {(02:07)} 7. cxd5 {(03:09)} exd5 {(00:
33)} 8. dxc5 {(02:55)} Bxc5 {(01:34)} 9. O-O {(01:25)} O-O
{(00:07)} 10. b3 {(01:02)} Re8 {(01:43)} 11. Bb2 {(
04:33)} a6 {(04:22)} 12. Rc1 {(02:25)} b5 {(01:30)} 13.
Bb1 {(05:35)} Bb7 {(00:14)} 14. Qd3 {(03:22)} Bb6 {
(10:03)} 15. Rfd1 {(08:38)} Nf8 {(01:56)} 16. Ne2 {
(05:30)} Ne4 {(06:41)} 17. Ned4 {(06:48)} Qd7 {(00:
17)} 18. h3 {(01:28)} Rad8 {(00:28)} 19. Nd2 {(08:35)} Ng6
{(15:35)} 20. Qe2 {(07:31)} Nd6 {(06:33)} 21. Qh5 {
(05:11)} Re5 {(00:25)} 22. Qf3 {(01:19)} Rg5 {(01:
33)} 23. Bxg6 {(05:22)} fxg6 {(02:11)} 24. Qf4 {(02:32)}
h6 {(00:47)} 25. N2f3 {(03:41)} Rf8 {(06:28)} 26. Qh2 {
(02:15)} Bxd4 {(00:36)} 27. Nxd4 {(00:59)} Qf7 {(
16:33)} 28. Rd2 {(01:55)} Ne8 {(07:51)} 29. Ba3 {(01:37)}
Nd6 {(07:00)} 30. Bxd6 {(00:49)} Rc8 {(00:10)} 31. Rxc8+ {
(01:11)} Bxc8 {(00:07)} 32. Rc2 {(02:41)} Qd7 {(00:
06)} 33. Bf4 {(01:22)} Rh5 {(02:19)} 34. g4 {(00:11)} 1-0

[Event "42nd Olympiad Baku 2016 Women"]
[Site "Baku"]
[Date "2016.09.06"]
[Round "5.1"]
[White "Lebel-Arias, Julia"]
[Black "Lu, Rachel"]
[Result "1/2-1/2"]
[ECO "A48"]
[WhiteElo "1802"]
[BlackElo "1671"]
[Annotator ""]
[PlyCount "125"]
[EventDate "2016.??.??"]
[EventType "team-tourn"]
[EventCountry "AZE"]
[SourceTitle "playchess.com"]
[Source "ChessBase"]
[WhiteTeam "Monaco"]
[BlackTeam "Hong Kong"]
[WhiteTeamCountry "MNC"]
[BlackTeamCountry "HKG"]
[TimeControl "40/5400+30:1800+30"]

1. d4 {(00:00)} Nf6 {(00:00)} 2. Nf3 {(00:00)} g6 {
(00:00)} 3. c3 {(00:26)} Bg7 {(00:11)} 4. Bg5 {(00:
39)} Ne4 {(05:18)} 5. Bf4 {(00:19)} O-O {(01:07)} 6. h3 {
(00:14)} d6 {(01:29)} 7. e3 {(00:38)} Nd7 {(02:49)}
8. Nbd2 {(00:36)} f5 {(03:38)} 9. Bc4+ {(01:04)} Kh8 {
(00:23)} 10. Nxe4 {(00:28)} fxe4 {(03:09)} 11. Ng5 {
(04:40)} Nb6 {(02:23)} 12. Be6 {(03:33)} d5 {(03:
04)} 13. h4 {(02:34)} h5 {(23:01)} 14. g4 {(02:38)} Qe8 {
(01:56)} 15. gxh5 {(01:01)} gxh5 {(00:22)} 16. Bxc8 {
(01:32)} Rxc8 {(00:36)} 17. Qe2 {(04:45)} e6 {(06:
00)} 18. Rg1 {(00:19)} Nd7 {(05:00)} 19. f3 {(02:18)} exf3
{(02:50)} 20. Nxf3 {(07:53)} Rg8 {(04:31)} 21. O-O-O {
(00:24)} Bf6 {(02:22)} 22. Qd3 {(06:08)} Qf7 {(02:
06)} 23. Rdf1 {(01:41)} Qh7 {(02:27)} 24. Qxh7+ {(00:43)}
Kxh7 {(00:03)} 25. Bg5 {(00:33)} Bg7 {(03:28)} 26. Kd2 {
(01:14)} c6 {(03:31)} 27. Kd3 {(00:32)} Rcf8 {(00:
49)} 28. e4 {(00:35)} Bh6 {(05:18)} 29. e5 {(01:08)} c5 {
(01:21)} 30. Ke2 {(01:04)} Rg6 {(02:42)} 31. Bxh6 {
(01:11)} Kxh6 {(00:19)} 32. Rxg6+ {(00:13)} Kxg6 {(
00:09)} 33. Rg1+ {(00:28)} Kf7 {(03:28)} 34. Ke3 {(01:10)}
cxd4+ {(01:00)} 35. cxd4 {(01:30)} Rc8 {(03:35)} 36. Kd3
Nb6 {(02:49)} 37. b3 {(00:45)} Nd7 {(00:48)} 38. Kd2 {
(00:26)} b6 {(01:23)} 39. Ng5+ {(01:23)} Ke7 {(00:
10)} 40. Nh7 {(00:00)} Kf7 {(00:00)} 41. Rf1+ {(03:54)}
Ke7 {(04:24)} 42. Rg1 {(04:53)} Kf7 {(00:36)} 43. Rg3 {
(00:47)} a6 {(02:13)} 44. Ng5+ {(02:15)} Ke7 {(00:
22)} 45. Nf3 {(03:05)} Kf7 {(00:18)} 46. Rg5 {(00:50)} Rh8
{(00:21)} 47. Kd3 Nf8 {(04:38)} 48. Rg1 {(01:50)} Nd7 {
(01:15)} 49. Ng5+ {(00:43)} Ke7 {(00:13)} 50. Rc1 {
(00:24)} Rh6 {(01:32)} 51. Rc7 {(02:51)} Rg6 {(01:
31)} 52. Ke3 {(00:19)} Rg7 {(01:10)} 53. b4 {(00:20)} Rg8
{(04:38)} 54. a4 {(00:15)} Ra8 {(01:37)} 55. Rc6 {(
00:40)} Nf8 {(02:07)} 56. Rxb6 {(00:18)} Kd7 {(00:33)} 57.
a5 {(03:57)} Ra7 {(01:47)} 58. Nh7 {(03:50)} Nxh7 {
(01:03)} 59. Kf4 {(00:08)} Ke7 {(07:31)} 60. Rb8 {(
00:31)} Kf7 {(01:33)} 61. Rh8 {(02:42)} Kg6 {(02:30)} 62.
Rg8+ {(01:36)} Kf7 {(00:17)} 63. Rb8 {(00:30)} 1/2-1/2